 Dungeon Crawl Stone Soup version 0.28-a0-1143-gcf6077d4cc (webtiles) character file.

Game seed: 15913202057282924139

58 hazymike the Skirmisher (level 4, -1/49 HPs)
             Began as an Ogre Fighter on Dec 14, 2021.
             Slain by Natasha (7 damage)
             ... on level 2 of the Dungeon.
             The game lasted 00:05:57 (1794 turns).

hazymike the Skirmisher (Ogre Fighter)              Turns: 1794, Time: 00:05:58

Health: -1/49      AC:  3    Str: 20    XL:     4   Next: 1%
Magic:  4/4        EV:  8    Int: 11    God:
Gold:   50         SH:  7    Dex:  8    Spells: 3/3 levels left

rFire   . . .      SeeInvis .   a - +0 flail
rCold   . . .      Faith    .   c - +0 kite shield
rNeg    . . .      Spirit   .   b - +0 robe
rPois   .          Reflect  .   (helmet restricted)
rElec   .          Harm     .   (no cloak)
rCorr   .          Rampage  .   (gloves unavailable)
Will    +....                   (boots unavailable)
Stlth   +.........              (no amulet)
HPRegen 0.16/turn               e - ring of willpower
MPRegen 0.09/turn               (no ring)

@: mighty
A: large, unfitting armour, tough skin 1
a: no special abilities


You were on level 2 of the Dungeon.
You visited 1 branch of the dungeon, and saw 2 of its levels.

You collected 50 gold pieces.

Inventory:

Hand Weapons
 a - a +0 flail (weapon)
Missiles
 g - 2 throwing nets (quivered)
Armour
 b - a +0 robe (worn)
 c - a +0 kite shield (worn)
Jewellery
 e - a ring of willpower (left hand)
Scrolls
 f - 2 scrolls of teleportation {unknown}
Potions
 h - a potion of curing {unknown}


   Skills:
 + Level 4.8 Fighting
 + Level 2.5 Maces & Flails
 + Level 3.3 Dodging
 - Level 2.6 Shields


You had 3 spell levels left.
You didn't know any spells.
Your spell library was empty.

Dungeon Overview and Level Annotations

Branches:
Dungeon (2/15)

Altars:

Annotations:
D:2 Natasha, Sigmund


Innate Abilities, Weirdness & Mutations

You are too large for most types of armour.
You have tough skin. (AC +1)


Message History

Removed exclusion.
Natasha, Servant of Life and Death comes into view.
Found a ring mail and a murky amethyst potion.
Natasha hisses angrily.
Natasha casts a spell at you. The magic dart hits you.
Natasha claws you but does no damage.
You closely miss Natasha. Natasha claws you. x2
You sock Natasha!
Natasha is heavily wounded.
Natasha claws you but does no damage.
You hit Natasha but do no damage.
Natasha is heavily wounded.
You block Natasha's attack. Natasha claws you!
You barely miss Natasha.
Natasha is heavily wounded.
Natasha claws you!
You thump Natasha!
You kill Natasha!
Natasha yowls pathetically as she dies!
You have reached level 4!
You see here a +0 ring mail.
Natasha, Servant of Life and Death comes into view.
Natasha hisses angrily.
Natasha wildly gestures.
Natasha glows brightly for a moment.
You see here a +0 ring mail.
Natasha wildly gestures.
Natasha's front paws start to glow.
Natasha stares at you and mumbles some strange words.
The magic dart hits you!
* * * LOW HITPOINT WARNING * * *
You feel very mighty all of a sudden. Natasha barely misses you.
You completely miss Natasha. Natasha claws you!
* * * LOW HITPOINT WARNING * * *
You sock Natasha!
Natasha is severely wounded.
You block Natasha's attack. Natasha claws you!
You die...

# #. ##! #
#.. #. #.#
###. ####.#
#..K
#.##.#######
##...
#..@........
.....
#.##h#######
#.....
#.##[#
#..#..
#.##.#
####..###
#.##.#
#.....#
#.##.#
##.##.##
#.##.#
#..##.#
#.##.#
#.###@#
#.##.# #.#
#.#


You could see Natasha.

Vanquished Creatures
  Natasha (D:2)
  A worm (D:2)
  A dart slug (D:1)
  2 bats
  3 endoplasms
  A giant cockroach (D:2)
  2 goblins (D:1)
  3 hobgoblins (D:1)
  3 quokkas (D:1)
  A ball python (D:1)
  6 kobolds
  2 rats (D:1)
26 creatures vanquished.

Notes
Turn   | Place    | Note
-------+----------+-------------------------------------------
     0 | D:1      | hazymike the Ogre Fighter began the quest for the Orb.
     0 | D:1      | Reached XP level 1. HP: 24/24 MP: 1/1
   117 | D:1      | Reached XP level 2. HP: 30/32 MP: 2/2
   666 | D:1      | Found a faded altar of an unknown god.
   844 | D:2      | Noticed Sigmund
   955 | D:2      | Reached XP level 3. HP: 20/40 MP: 3/3
  1754 | D:2      | Noticed Natasha
  1764 | D:2      | Killed Natasha
  1765 | D:2      | Reached XP level 4. HP: 18/49 MP: 4/4
  1777 | D:2      | Noticed Natasha
  1794 | D:2      | Slain by Natasha

Illustrated notes

Levels and vault maps discovered:
D:1:      lightli_molten_gateway, layout_loops_cross,
          shapermc_ecumenical_altar_hornbeckon
D:2:      layout_rooms, uniq_sigmund, uniq_natasha

Skill      XL: |  1  2 |
---------------+-------+-----
Maces & Flails | 2 |  2.5
Dodging        | 3 |  3.3
Fighting       | |  4.8
Shields        | |  2.6

Action                   |  1- 3 |  4- 6 || total
-------------------------+-------+-------++-------
Melee: Flail             |    98 |     2 ||   100
  Use: Potion            |       |     1 ||     1
Armor: Robe              |    25 |       ||    25
Dodge: Dodged            |    27 |     1 ||    28
Block: Kite shield       |    39 |     1 ||    40

Table legend: (Time is in decaauts)
 A = Elapsed time spent in this place.
 B = Non-inter-level travel time spent in this place.
 C = Inter-level travel time spent in this place.
 D = Time resting spent in this place.
 E = Time spent auto-exploring this place.
 F = Levels seen in this place.
 G = Mean time per level.
                   A        B        C        D        E       F      G
               +--------+--------+--------+--------+--------+-----+--------+
         Total |   1853 |   1606 |    247 |    641 |    626 |   2 |  926.5 |
       Dungeon |   1853 |   1606 |    247 |    641 |    626 |   2 |  926.5 |
               +--------+--------+--------+--------+--------+-----+--------+

Top non-repeatable levels by time:
     D:1: 1283 daAuts
     D:2: 570 daAuts
